 Dungeon Crawl Stone Soup version 0.29-a0-559-g359e09b9d1 (webtiles) character file.

Game seed: 6432174397402159931

973 Lekart the Slasher (level 7, -6/61 HPs)
             Began as a White Draconian Abyssal Knight on June 10, 2022.
             Was a Priest of Lugonu.
             Killed from afar by an efreet (25 damage)
             ... with a fireball
             ... summoned by Lugonu's corruption
             ... on level 6 of the Dungeon.
             The game lasted 00:05:18 (5110 turns).

Lekart the Slasher (White Draconian Abyssal Knight) Turns: 5110, Time: 00:05:19

Health: -6/61      AC:  6    Str: 13 (15) XL:     7   Next: 94%
Magic:  1/10       EV: 17    Int:  9 (10) God:    Lugonu [***...]
Gold:   413        SH:  0    Dex: 12 (14) Spells: 6/6 levels left

rFire   . . .      SeeInvis .   a - +1 falchion
rCold   + . .      Faith    .   (no shield)
rNeg    . . .      Spirit   .   (body armour unavailable)
rPois   .          Reflect  .   (helmet restricted)
rElec   .          Harm     .   (no cloak)
rCorr   .          Rampage  .   (no gloves)
Will    .....                   (no boots)
Stlth   +.........              e - amulet of the acrobat
HPRegen 0.20/turn               d - +4 ring of evasion
MPRegen 0.12/turn               (no ring)

@: no status effects
A: breathe frost, AC +6, unfitting armour, cold resistance 1, cold-blooded
a: Breathe Frost, Renounce Religion, Depart the Abyss, Bend Space, Banish


You were on level 6 of the Dungeon.
You worshipped Lugonu.
Lugonu was most pleased with you.
You visited 1 branch of the dungeon, and saw 6 of its levels.
You visited the Abyss 1 time.

You collected 413 gold pieces.

Inventory:

Hand Weapons
 a - a +1 falchion (weapon)
Jewellery
 d - a +4 ring of evasion (left hand)
 e - an amulet of the acrobat (around neck)
 f - a ring of protection from cold
Wands
 b - a wand of polymorph (7)
 n - a wand of flame (22)
Scrolls
 c - 2 scrolls of blinking
 g - a scroll of poison {unknown}
 h - 5 scrolls of identify
 i - a scroll of amnesia {unknown}
 k - 2 scrolls of vulnerability {unknown}
Potions
 m - a potion of brilliance {unknown}


   Skills:
 + Level 5.3 Fighting
 + Level 6.4 Long Blades
 + Level 3.9 Dodging
 - Level 0.4 Stealth
 * Level 4.7 Invocations


You had 6 spell levels left.
You didn't know any spells.
Your spell library contained the following spells:

 Spells                   Type           Power      Damage    Failure   Level
 Summon Small Mammal      Summ           0%         N/A       38%         1
 Call Canine Familiar     Summ           0%         N/A       77%         3
 Summon Guardian Golem    Hex/Summ       0%         N/A       77%         3


Dungeon Overview and Level Annotations

Branches:
Dungeon (6/15)             Temple (0/1) D:5

Altars:
Zin

Annotations:
D:4 1 runed translucent door
D:6 corrupted
Abyss:1 Nedwor's ghost, amateur MiGl


Innate Abilities, Weirdness & Mutations

You can breathe waves of freezing cold which knock back foes.
Your icy white scales are hard. (AC +6)
You cannot fit into any form of body armour.
Your flesh is cold resistant. (rC+)
You are cold-blooded and may be slowed by cold attacks.


Message History

You are too injured to fight recklessly!
You are too injured to fight recklessly!
You are too injured to fight recklessly!
You are too injured to fight recklessly!
You are too injured to fight recklessly!
You are too injured to fight recklessly!
You are too injured to fight recklessly!
It was a potion of degeneration.
There was something very wrong with that liquid.
You feel weakened.
You feel dopey.
You feel clumsy. The orc wizard completely misses you.
The orc priest closely misses you.
The orc wizard hits you with a +4 dagger.
Space bends violently around you!
You blink.
The orc wizard blinks!
The orc wizard mumbles some strange words.
The orc wizard flickers and vanishes!
Deactivating autopickup; reactivate with Ctrl-A.
Space bends violently around you!
You blink.
Found a mace.
The orc priest looks satisfied for a moment.
The orc priest looks encouraged for a moment.
The orc wizard hits you with a +0 dagger.
* * * LOW HITPOINT WARNING * * *
Activating: Corrupt (43% risk of failure)
Press: ? - help, Dir - look around, f - activate Lugonu's Hand of Corruption reaches out!
You can no longer corrupt the fabric of space.
The orc wizard closely misses you. The orc hits you with a +0 hand axe.
* * * LOW HITPOINT WARNING * * *
Unknown command.
It was a potion of heal wounds.
You feel much better. The orc wizard closely misses you.
The orc priest begins to cast a cantrip, but forgets the words!
The orc priest invokes the aid of Beogh against you.
Beogh smites you!
The starcursed mass barely misses the orc priest.
A fireball appears from out of your range of vision.
The fireball explodes!
The fireball engulfs the orc!!
The orc dies!
The fireball engulfs the black mamba skeleton!!
The fireball engulfs you!!
You die...

.##...... #......
..##... ......# .#.....
.)....##..#.... .#
..............# ..#
#....X.#X.#.#...
##...###.?....#..#.....
#....#....#.o#.)..x>.).
##..........{ooo@.##
...........X..oZ#.#
..#...##.#...$.###.#
.##...#...#..........
..#.......#...........
....##..................
#...#...............####
#..............>.....
#........###....##...


You could see 2 orc priests, 2 orc wizards, an orc, 2 neutral starcursed masses,
a neutral large abomination (summoned, distracted), a neutral worldbinder
(summoned, distracted) and a neutral black mamba skeleton (summoned,
distracted).

Vanquished Creatures
  An ice beast (D:5)
  An ogre (D:5)
  A black bear (D:6)
  A phantom (D:5)
  A necrophage (D:5)
  A bullfrog (D:4)
  A scorpion (D:5)
  A hound (D:5)
  Robin (D:3)
  9 adders
  2 river rats (D:4)
  2 worms
  2 dart slugs
  4 orcs (D:5)
  10 endoplasms
  A giant cockroach (D:1)
  17 goblins
  14 hobgoblins
  3 jackals (D:2)
  8 kobolds
  3 quokkas
  10 ball pythons
  6 bats
  6 frilled lizards
  10 rats
116 creatures vanquished.

Vanquished Creatures (others)
  An iguana (D:5)
  An orc (D:6)
  4 plants (D:1)
6 creatures vanquished.

Grand Total: 122 creatures vanquished

Notes
Turn   | Place    | Note
-------+----------+-------------------------------------------
     0 | Abyss:1  | Lekart the Draconian Abyssal Knight began the quest for the
                  | Orb.
     0 | Abyss:1  | Reached XP level 1. HP: 19/19 MP: 2/2
    44 | Abyss:2  | Noticed a ynoxinul
    45 | D:1      | Escaped the Abyss
   125 | D:1      | Reached ** piety under Lugonu
   139 | D:1      | Reached XP level 2. HP: 23/27 MP: 3/3
   536 | D:1      | Reached XP level 3. HP: 32/33 MP: 4/4
  1408 | D:2      | Reached XP level 4. HP: 9/40 MP: 4/6
  1637 | D:2      | Reached skill level 3 in Long Blades
  2082 | D:2      | Found a faded altar of an unknown god.
  2092 | D:2      | Reached *** piety under Lugonu
  2503 | D:3      | Noticed Robin
  2525 | D:3      | Killed Robin
  2730 | D:3      | Reached XP level 5. HP: 47/47 MP: 7/7
  2750 | D:3      | Found a glowing silver altar of Zin.
  3722 | D:4      | Found a runed translucent door.
  3725 | D:4      | Noticed Nedwor's ghost (amateur MiGl)
  3830 | D:4      | Found a runed translucent door.
  3992 | D:4      | Reached **** piety under Lugonu
  4000 | D:4      | Reached skill level 4 in Long Blades
  4002 | D:4      | Banished Nedwor's ghost
  4003 | D:4      | Reached XP level 6. HP: 36/55 MP: 3/9
  4127 | D:5      | Entered Level 5 of the Dungeon
  4166 | D:5      | Noticed an ice beast
  4173 | D:5      | Killed an ice beast
  4174 | D:5      | Reached skill level 5 in Long Blades
  4174 | D:5      | Your scales start taking on an icy white colour.
  4174 | D:5      | Reached XP level 7. HP: 60/60 MP: 10/10
  4174 | D:5      | Gained mutation: Your flesh is cold resistant. (rC+) [White
                  | Draconian growth]
  4267 | D:5      | Reached skill level 5 in Fighting
  4430 | D:5      | Reached skill level 6 in Long Blades
  4582 | D:5      | Found a staircase to the Ecumenical Temple.
  5109 | D:6      | Corrupted D:6
  5109 | D:6      | Noticed a starcursed mass
  5109 | D:6      | Noticed a large abomination
  5109 | D:6      | Noticed a starcursed mass
  5110 | D:6      | Noticed a worldbinder
  5110 | D:6      | Killed from afar by an efreet

Illustrated notes

Levels and vault maps discovered:
D:1:      nzn_arrival_crosshair, layout_loops_cross, corexii_hall_statues_t,
          hangedman_decor_lopped, lexackson_kobold_supper
D:2:      layout_basic, ebering_ecumenical_altar_rust, grunt_ministairs_8
D:3:      layout_basic, mainiacjoe_overflow_boulevard, uniq_robin
D:4:      layout_loops_ring, ebering_ghost_sewer_f
D:5:      layout_rooms, minmay_temple_entry_glassed_door, serial_corexii_hall,
          chequers_hall_statues_y, corexii_hall_statues_x, lemuel_flamethrower_2
D:6:      layout_cave_pools

Skill      XL: |  1  2  3  4  5  6  7 |
---------------+----------------------+-----
Fighting       | 4 5 |  5.3
Long Blades    | 3 4 5 6 |  6.4
Invocations    | 3 4 |  4.7
Dodging        | 3 |  3.9
Stealth        | |  0.4

Action                   |  1- 3 |  4- 6 |  7- 9 || total
-------------------------+-------+-------+-------++-------
Melee: Falchion          |   124 |   182 |    92 ||   398
       Tailslap          |     8 |    17 |    15 ||    40
       Punch             |     1 |     1 |     1 ||     3
Invok: Depart the Abyss  |     1 |       |       ||     1
       Banish            |       |     1 |       ||     1
       Bend Space        |       |       |     2 ||     2
       Corrupt           |       |       |     1 ||     1
  Use: Potion            |     1 |       |     2 ||     3
       Scroll            |       |     4 |       ||     4
 Stab: Sleeping          |     1 |     2 |       ||     3
Armor: Skin              |    46 |    44 |    14 ||   104
Dodge: Dodged            |   102 |   160 |    90 ||   352

Table legend: (Time is in decaauts)
 A = Elapsed time spent in this place.
 B = Non-inter-level travel time spent in this place.
 C = Inter-level travel time spent in this place.
 D = Time resting spent in this place.
 E = Time spent auto-exploring this place.
 F = Levels seen in this place.
 G = Mean time per level.
                   A        B        C        D        E       F      G
               +--------+--------+--------+--------+--------+-----+--------+
         Total |   5167 |   4964 |    203 |    308 |   3779 |   8 |  645.9 |
       Dungeon |   5122 |   4919 |    203 |    308 |   3743 |   6 |  853.7 |
         Abyss |     44 |     44 |      0 |      0 |     36 |   2 |   22.0 |
               +--------+--------+--------+--------+--------+-----+--------+

Top non-repeatable levels by time:
     D:2: 1301 daAuts
     D:3: 1093 daAuts
     D:1: 1092 daAuts
     D:5: 872 daAuts
     D:4: 649 daAuts
     D:6: 114 daAuts
 Abyss:1: 23 daAuts
 Abyss:2: 21 daAuts
